AoeStats
← EL LEON

Arena

510610071Analyzed
1v1 RM · 1d ago on Oct 1, 2026· 62m 18s· 2 players
Game mode
Random Map
Map size
Tiny (2 player)
Population
200
Speed
Normal
Resources
Standard
Victory
Conquest
Starting age
Dark Age
Ending age
Imperial Age
RankedLock teamsTeams togetherTeam positionsShared explorationLock speedFull tech treeHidden civsTurbo modeCheats
Victory
Defeat
🇬🇧 Italians · United Kingdom
1121
+15
🇦🇷 Franks · Argentina
1090
-15
EL LEON
2:35 Loom
12:53 Feudal Age
15:26 Wheelbarrow
14:49 Double-Bit Axe
14:56 Stone Mining
14:57 Gold Mining
17:34 Castle Age
19:13 Hand Cart
19:10 Bow Saw
19:37 Gold Shaft Mining
28:20 Imperial Age
30:38 Chemistry
32:57 Fletching
33:09 Padded Archer Armor
34:59 Bodkin Arrow
35:19 Leather Archer Armor
34:48 Elite Skirmisher
36:06 Ballistics
35:53 Siege Engineers
37:47 Conscription
39:13 Treadmill Crane
40:09 Fortified Wall
40:39 Light Cavalry
41:19 Husbandry
55:17 Forging
55:12 Scale Barding Armor
56:13 Cavalier
56:57 Pikeman
58:56 Halberdier
60:22 Iron Casting
59:48 Scale Mail Armor
60:08 Chain Barding Armor
62:34 Chivalry
AndyT
11:36 Feudal Age
15:28 Castle Age
13:14 Double-Bit Axe
14:05 Horse Collar
14:42 Gold Mining
15:27 Stone Mining
24:03 Fletching
24:55 Padded Archer Armor
25:29 Bodkin Arrow
26:31 Ballistics
32:50 Imperial Age
33:06 Wheelbarrow
33:09 Stone Shaft Mining
32:36 Heavy Plow
32:47 Bow Saw
34:36 Chemistry
33:51 Bracer
34:46 Leather Archer Armor
38:34 Ring Archer Armor
41:37 Elite Genoese Crossbowman
50:43 Light Cavalry
51:33 Bloodlines
51:41 Scale Barding Armor
51:47 Forging
51:50 Hussar
54:07 Chain Barding Armor
54:23 Iron Casting
56:17 Plate Barding Armor
57:25 Blast Furnace
Connection lost

Rejoining the realm…

Still unreachable

The connection could not be restored.

Session expired

The server has moved on; the page needs a fresh start.